 Dungeon Crawl Stone Soup version 0.27.1-33-g824d729ab1 (webtiles) character file.

Game seed: 6623908797548168782

156 potato4science the Sneak (level 5, -1/36 HPs)
             Began as an Octopode Brigand on Dec 22, 2021.
             Slain by a river rat (2 damage)
             ... in a sewer.
             The game lasted 00:17:52 (2437 turns).

potato4science the Sneak (Octopode Brigand)         Turns: 2437, Time: 00:17:52

Health: -1/36      AC:  1    Str:  9 (11) XL:     5   Next: 37%
Magic:  5/5        EV: 10    Int: 10 (13) God:
Gold:   148        SH:  3    Dex: 11 (14) Spells: 4/4 levels left

rFire    . . .     SeeInvis .   a - +3 dagger
rCold    . . .     Faith    .   g - +0 buckler
rNeg     . . .     Spirit   .   (helmet restricted)
rPois    .         Reflect  .   (no amulet)
rElec    .         Harm     .   (no ring)
rCorr    .         Rampage  .   (no ring)
Will     .....                  (no ring)
Stlth    ++++......             (no ring)
HPRegen  0.12/turn              (no ring)
MPRegen  0.09/turn              (no ring)
                                (no ring)
                                (no ring)

@: lethally poisoned (-1 -> -8), very slightly contaminated, constricted,
invisible
A: almost no armour, amphibious, 8 rings, camouflage 1, gelatinous body 1,
(nimble swimmer 1), tentacles
a: no special abilities


You were in a sewer.
You visited 1 branch of the dungeon, and saw 3 of its levels.
You also visited: Sewer.

You collected 148 gold pieces.

Inventory:

Hand Weapons
 a - a +3 dagger (weapon)
Missiles
 b - 8 poisoned darts
 c - 2 curare-tipped darts
 f - 69 stones (quivered)
Armour
 g - a +0 buckler (worn)
Jewellery
 e - a ring of flight
Scrolls
 j - a scroll of identify
Potions
 d - a potion of mutation
 h - a potion of degeneration
 m - a potion of curing {unknown}


   Skills:
 - Level 3.0 Fighting
 - Level 3.0 Short Blades
 - Level 2.0 Throwing
 - Level 3.0 Dodging
 - Level 6.0 Stealth
 + Level 1.3 Shields


You had 4 spell levels left.
You didn't know any spells.
Your spell library was empty.

Dungeon Overview and Level Annotations

Branches:
Dungeon (3/15)              Sewer (1/1)

Altars:


Innate Abilities, Weirdness & Mutations

You cannot wear most types of armour.
You are amphibious.
You can wear up to eight rings at the same time.
Your skin changes colour to match your surroundings (Stealth+).
Your rubbery body absorbs attacks. (AC +1, EV +1)
((You are camouflaged near water. (Stealth+)))
You have tentacles for arms and can constrict up to eight enemies at once.


Message History

A rat comes into view. x2
You closely miss the adder. Your grab misses the adder.
Your squeeze misses the adder.
The adder is severely wounded.
The adder bites you.
A rat comes into view.
The adder bites you.
You are poisoned.
The adder poisons you!
Found a gate leading back out of this place.
You feel sick. The adder completely misses you. The adder closely misses you.
You hit the adder. You grab the adder. You squeeze the adder.
You kill the adder!
You feel sick. The adder bites you.
You barely miss the adder. You grab the adder. You constrict the adder.
You feel sick. You block the ball python's attack. The ball python grabs you.
The ball python constricts you. The adder closely misses you.
It was a potion of degeneration.
There was something very wrong with that liquid.
You feel weakened.
You feel dopey.
You feel clumsy.
You constrict the adder.
You feel sick. The ball python barely misses you.
The ball python constricts you. The adder bites you. The ball python bites you.
* * * LOW HITPOINT WARNING * * *
The ball python constricts you.
* * * LOW HITPOINT WARNING * * *
It was a potion of invisibility.
You fade into invisibility!
You constrict the adder.
You feel sick. The adder bites you.
* * * LOW HITPOINT WARNING * * *
You are lethally poisoned!
The adder poisons you! The ball python closely misses you.
The ball python constricts you.
* * * LOW HITPOINT WARNING * * *
The adder bites you but does no damage.
You are very lightly contaminated with residual magic.
Unknown command.
You constrict the adder.
* * * LOW HITPOINT WARNING * * *
You feel sick. You block the adder's attack. The river rat bites you.
You die...

..≈≈≈≈.≈.....#
#≈≈≈≈≈≈≈.....#
##.≈≈≈≈......#
##...≈≈.......####
.....≈≈≈.....# #∩#
....≈≈≈≈.....###.#
.....r≈.......#..#
...r.≈r≈S.......##
....r≈≈≈S@.....##
.....≈≈.r.....##
.....≈≈≈......#
#....≈≈≈≈......#
##..≈≈≈≈≈≈.....#
#.≈≈≈≈≈≈....#..#
...≈≈≈≈≈≈≈..###.#
....≈≈≈≈≈≈..# ∩#


You could see an adder, a river rat, a ball python and 4 rats.

Vanquished Creatures
  A hound skeleton (D:2)
  3 gnolls (D:2)
  7 adders
  3 worms (D:2)
  2 endoplasms (D:1)
  3 giant cockroaches
  2 goblins (D:2)
  5 hobgoblins
  3 jackals (D:2)
  2 ball pythons
  2 bats
  6 frilled lizards
  6 kobolds
  6 rats
51 creatures vanquished.

Vanquished Creatures (others)
  A plant (D:1)
1 creature vanquished.

Grand Total: 52 creatures vanquished

Notes
Turn   | Place    | Note
-------+----------+-------------------------------------------
     0 | D:1      | potato4science the Octopode Brigand began the quest for the
                  | Orb.
     0 | D:1      | Reached XP level 1. HP: 14/14 MP: 1/1
   114 | D:1      | Found a faded altar of an unknown god.
   213 | D:1      | Reached XP level 2. HP: 19/19 MP: 2/2
   938 | D:2      | Reached skill level 6 in Stealth
   938 | D:2      | Reached XP level 3. HP: 15/25 MP: 3/3
  1547 | D:2      | Reached XP level 4. HP: 31/31 MP: 4/4
  1949 | D:2      | Reached XP level 5. HP: 36/36 MP: 5/5
  2283 | D:3      | Reached skill level 1 in Shields
  2407 | D:3      | Found a glowing drain.
  2413 | Sewer    | Entered a sewer
  2437 | Sewer    | HP: 1/36 [poisoned by an adder]
  2437 | Sewer    | Slain by a river rat

Illustrated notes

Levels and vault maps discovered:
D:1:      minmay_arrival_diagonal_passages, layout_loops_ring,
          shapermc_ecumenical_altar_mp_ritualfount, minmay_misc_feat_chi,
          minmay_misc_feat_tower
D:2:      layout_basic
D:3:      layout_loops_ring, lemuel_round_altar, portal_sewer_entry_e
Sewer:    sewer_minmay_treatment

Skill      XL: |  1  2  3  4  5 |
---------------+----------------+-----
Dodging        | 2 3 |  3.0
Stealth        | 6 |  6.0
Fighting       | 3 |  3.0
Short Blades   | 3 |  3.0
Shields        | 1 |  1.3
Throwing       | |  2.0

Action                   |  1- 3 |  4- 6 || total
-------------------------+-------+-------++-------
Melee: Dagger            |    51 |    49 ||   100
       Constrict         |    13 |    10 ||    23
       Tentacles         |     5 |     5 ||    10
Throw: Dart              |     4 |     3 ||     7
       Stone             |       |    15 ||    15
  Use: Scroll            |       |     4 ||     4
       Potion            |       |     2 ||     2
 Stab: Sleeping          |    12 |    10 ||    22
Armor: Skin              |     1 |     6 ||     7
Dodge: Dodged            |    23 |    25 ||    48
Block: Buckler           |       |     3 ||     3
